 Dungeon Crawl Stone Soup version 0.30-a0-385-gfebfb9b408 (webtiles) character file.

Game seed: 17289360392515267610

67 qeuew the Shooter (level 3, 0/31 HPs)
             Began as a Minotaur Hunter on Dec 3, 2022.
             Slain by a gnoll
             ... wielding a +0 spear
             ... led by a gnoll bouda
              (4 damage)
             ... on level 3 of the Dungeon.
             The game lasted 00:01:50 (1364 turns).

qeuew the Shooter (Minotaur Hunter)                 Turns: 1364, Time: 00:01:50

Health: 0/31       AC:  6    Str: 15    XL:     3   Next: 98%
Magic:  2/2        EV: 12    Int:  6    God:
Gold:   23         SH:  0    Dex: 13    Spells: 2/2 levels left

rFire   . . .      SeeInvis .    a - +1 shortbow
rCold   . . .      Faith    .    (shield currently unavailable)
rNeg    . . .      Spirit   .    c - +1 leather armour
rPois   .          Reflect  .    (helmet restricted)
rElec   .          Harm     .    (no cloak)
rCorr   .          Rampage  .    (no gloves)
Will    .....                    (no boots)
Stlth   +.........               (no amulet)
HPRegen 0.25/turn                (no ring)
MPRegen 0.08/turn                (no ring)

@: no status effects
A: horns 2, retaliatory headbutt, iridescent scales 1, clumsy 1
a: no special abilities


You were on level 3 of the Dungeon.
You visited 1 branch of the dungeon, and saw 3 of its levels.

You collected 23 gold pieces.

Inventory:

Hand Weapons
 a - a +1 shortbow (weapon)
Armour
 c - a +1 leather armour (worn)
Scrolls
 b - a scroll of immolation
Potions
 d - a potion of lignification {unknown}


   Skills:
 + Level 3.2 Fighting
 * Level 5.1 Ranged Weapons
 + Level 1.7 Armour
 + Level 2.8 Dodging
 - Level 0.7 Stealth


You had 2 spell levels left.
You didn't know any spells.
Your spell library was empty.

Dungeon Overview and Level Annotations

Branches:
Dungeon (3/15)

Altars:
Trog
Yredelemnul

Shops:
D:2 :


Innate Abilities, Weirdness & Mutations

You have a pair of horns on your head.
You reflexively headbutt those who attack you in melee.
You are partially covered in iridescent scales. (AC +2)
You are clumsy. (Dex -2)


Message History

The gnoll hits you from afar with a +0 spear.
You shoot an arrow.
The arrow hits the gnoll but does no damage.
The gnoll is moderately wounded.
You shoot an arrow. The arrow hits the gnoll bouda.
The gnoll bouda is severely wounded.
The gnoll hits you from afar with a +0 spear. x2
The gnoll bouda gazes fiercely through you!
You feel your attacks grow feeble.
You shoot an arrow.
The arrow hits the gnoll bouda but does no damage.
The gnoll bouda is severely wounded.
The gnoll closely misses you.
The gnoll hits you from afar with a +0 spear.
The gnoll hits you but does no damage.
The gnoll hits you from afar with a +0 spear.
The gnoll bouda hits you with a +0 whip.
* * * LOW HITPOINT WARNING * * *
The gnoll closely misses you.
The gnoll bouda attacks as you move away!
The gnoll bouda barely misses you. The gnoll closely misses you.
Fire: a) +1 shortbow
Press: ? - help, Q - select action Shift-Dir - straight line, f/p - gnoll bouda
Aim: a gnoll bouda, wielding a +0 whip and wearing a +0 scale mail (severely wounded, 69% to hit)
You shoot an arrow. The arrow hits the gnoll bouda.
The gnoll bouda is almost dead.
The gnoll hits you from afar with a +0 spear.
* * * LOW HITPOINT WARNING * * *
The gnoll bouda barely misses you. You furiously retaliate!
You headbutt the gnoll bouda. The gnoll hits you but does no damage.
Fire: a) +1 shortbow
Press: ? - help, Q - select action Shift-Dir - straight line, f/p - gnoll bouda
Aim: a gnoll bouda, wielding a +0 whip and wearing a +0 scale mail (almost dead, 69% to hit)
You shoot an arrow. The arrow hits the gnoll bouda.
You kill the gnoll bouda!
Your attacks no longer feel as feeble.
The gnoll is no longer moving quickly.
The gnoll hits you but does no damage. The gnoll closely misses you.
The gnoll hits you from afar with a +0 spear.
You die...

#......... # .........#
# #........# # #
.........# #.##### #
#.......#### ###.....###
#......g##.. ...........
#.....gg##.# ######.#..
####..#)##.# #.#.#
#..#@##.# ######.#..
#..#.##.####.........
####..#.................
..............####...>..
####.....###### #######
#######


You could see 3 gnolls.

Vanquished Creatures
  A gnoll bouda (D:3)
  An adder (D:2)
  A worm (D:2)
  A dart slug (D:1)
  8 endoplasms
  A giant cockroach (D:3)
  7 goblins
  2 hobgoblins (D:1)
  2 jackals (D:1)
  A quokka (D:1)
  7 ball pythons
  3 bats
  5 frilled lizards
  7 kobolds
  5 rats
  A spectral kobold (D:1)
53 creatures vanquished.

Notes
Turn   | Place    | Note
-------+----------+-------------------------------------------
     0 | D:1      | qeuew the Minotaur Hunter began the quest for the Orb.
     0 | D:1      | Reached XP level 1. HP: 18/18 MP: 0/0
    86 | D:1      | Found a faded altar of an unknown god.
   182 | D:1      | Reached XP level 2. HP: 25/25 MP: 1/1
   474 | D:1      | Reached skill level 1 in Armour
   571 | D:1      | Reached XP level 3. HP: 30/30 MP: 2/2
   717 | D:1      | Reached skill level 5 in Ranged Weapons
   812 | D:1      | Gained mutation: You are vulnerable to heat. (rF-) [potion
                  | of mutation]
   944 | D:2      | Found a basalt altar of Yredelemnul.
  1145 | D:2      | Found Umeluup's Book Shop.
  1224 | D:2      | Lost mutation: You are vulnerable to heat. (rF-) [potion of
                  | mutation]
  1224 | D:2      | Gained mutation: You are clumsy. (Dex -2) [potion of
                  | mutation]
  1224 | D:2      | Gained mutation: You are partially covered in iridescent
                  | scales. (AC +2) [potion of mutation]
  1259 | D:3      | Found a bloodstained altar of Trog.
  1364 | D:3      | Slain by a gnoll

Illustrated notes

Levels and vault maps discovered:
D:1:      dpeg_arrival_round_b, layout_basic,
          dreamdust_ecumenical_altar_drowned_temple, skrybe_limestone_x
D:2:      layout_rooms, serial_shops, shop_fountains, basic_altar
D:3:      layout_loops_ring, nicolae_overflow_hidden_temple, serial_glass,
          glass_columns_a, glass_columns_a, uniq_jessica, uniq_natasha

Skill      XL: |  1  2  3 |
---------------+----------+-----
Armour         | 1 |  1.7
Ranged Weapons | 5 |  5.1
Fighting       | 3 |  3.2
Dodging        | |  2.8
Stealth        | |  0.7

Action                   || total
-------------------------++-------
 Fire: Shortbow          ||   139
  Use: Scroll            ||     7
       Potion            ||     3
Armor: Leather armour    ||    10
Dodge: Dodged            ||    30

Table legend: (Time is in decaauts)
 A = Elapsed time spent in this place.
 B = Non-inter-level travel time spent in this place.
 C = Inter-level travel time spent in this place.
 D = Time resting spent in this place.
 E = Time spent auto-exploring this place.
 F = Levels seen in this place.
 G = Mean time per level.
                   A        B        C        D        E       F      G
               +--------+--------+--------+--------+--------+-----+--------+
         Total |   1419 |   1358 |     61 |      0 |   1084 |   3 |  473.0 |
       Dungeon |   1419 |   1358 |     61 |      0 |   1084 |   3 |  473.0 |
               +--------+--------+--------+--------+--------+-----+--------+

Top non-repeatable levels by time:
     D:1: 868 daAuts
     D:2: 437 daAuts
     D:3: 114 daAuts
